 Dungeon Crawl Stone Soup version 0.19.1 (webtiles) character file.

457 Malachi the Poker (level 6, -4/48 HPs)
             Began as a Demonspawn Berserker on Dec 8, 2016.
             Was a Priest of Trog.
             Slain by a water moccasin (7 damage)
             ... on level 5 of the Dungeon on Dec 9, 2016.
             The game lasted 00:06:42 (4234 turns).

Malachi the Poker (Demonspawn Berserker)            Turns: 4234, Time: 00:06:42

Health: -4/48      AC: 11    Str: 20    XL:     6   Next: 77%
Magic:  6/6        EV: 13    Int:  8    God:    Trog [***...]
Gold:   165        SH:  0    Dex: 14    Spells: 0 memorised, 5 levels left

rFire  + + +     SeeInvis .     a - +0 spear
rCold  + . .     Gourm    .     n - +0 chain mail
rNeg   . . .     Faith    .     (no shield)
rPois  +         Spirit   .     m - +0 helmet
rElec  +         Reflect  .     r - +0 cloak
rCorr  +         Harm     .     (no gloves)
MR     ++...                    (no boots)
Stlth  ..........               (no amulet)
                                p - ring of protection from fire
                                s - -3 ring of dexterity (curse)

@: agile, lethally poisoned (-4 -> -10), resistant, flying, regenerating,
hasted, very quick
A: claws 1, fire resistance 1
a: Berserk, Trog's Hand, Burn Spellbooks, Renounce Religion


You were on level 5 of the Dungeon.
You worshipped Trog.
Trog was most pleased with you.
You were not hungry.

You visited 1 branch of the dungeon, and saw 5 of its levels.

You collected 165 gold pieces.

Inventory:

Hand Weapons
 a - a +0 spear (weapon)
Armour
 m - a +0 helmet (worn)
 n - a +0 chain mail (worn)
 r - a +0 cloak (worn)
Jewellery
 l - an uncursed ring of flight
 p - a ring of protection from fire (right claw)
 s - a cursed -3 ring of dexterity (left claw)
Scrolls
 e - 2 scrolls of identify
 h - 3 scrolls of immolation
Potions
 q - a potion of curing {unknown}
Comestibles
 b - a beef jerky
 c - 7 bread rations
 d - 4 meat rations
 f - 7 fruits


   Skills:
 + Level 4.2 Fighting
 + Level 5.5 Polearms
 + Level 2.9 Armour
 + Level 2.5 Dodging
 + Level 0.8 Stealth


You had 5 spell levels left.
You didn't know any spells.

Dungeon Overview and Level Annotations

Branches:
Dungeon (5/15)             Temple (0/1) D:5

Altars:


Innate Abilities, Weirdness & Mutations

You have sharp fingernails.
Your flesh is heat resistant. (rF+)


Message History

* * * LOW HITPOINT WARNING * * *
You feel very sick.
The water moccasin bites you but does no damage.
It was a potion of resistance.
You feel protected.
* * * LOW HITPOINT WARNING * * *
You feel very sick.
The water moccasin bites you but does no damage.
The water moccasin bites you.
* * * LOW HITPOINT WARNING * * *
It was a potion of agility.
You feel agile all of a sudden.
* * * LOW HITPOINT WARNING * * *
You feel very sick. The water moccasin closely misses you.
It was a potion of haste.
You feel yourself speed up.
* * * LOW HITPOINT WARNING * * *
You feel sick. The water moccasin barely misses you.
The water moccasin bites you!
You die...

*,,>,,,,,,...............,,,,,,
*,,,,,,,,,#####.#.....#.#*,,,,,
*,,,,,,,,,* #.#.#...#.#*,,,,,
*,,,,,,,..#####.#.#####.##...,,
*,,,,,,,..................<..,,
*,,,,,,...#####.#.###.######***
*,,,,,,...##**#...###.#########
*******......#######...........
*.....hS@................
*.....h#######...........
*....[,* #........... *....,,*
#........... *...,,,*
#........... *..,,,,*
#........... *.,,,,,*
############ *,,,,,,**********
*,,,,,,,,,,,,,,,*


You could see a water moccasin and 2 jackals.

Vanquished Creatures
  The ghost of ohados the Changer, an amateur OpTm (D:3)
  A phantom (D:4)
  Terence (D:3)
  2 worker ants
  A gnoll (D:1)
  6 adders
  An ooze (D:2)
  A worm (D:3)
  5 dart slugs
  A leopard gecko (D:1)
  7 bats
  4 giant cockroaches
  9 goblins
  7 hobgoblins
  20 jackals
  10 kobolds
  6 quokkas
  3 ball pythons
  8 frilled lizards
  2 rats
96 creatures vanquished.

Notes
Turn   | Place    | Note
-------+----------+-------------------------------------------
     0 | D:1      | Malachi the Demonspawn Berserker began the quest for the Orb.
     0 | D:1      | Reached XP level 1. HP: 18/18 MP: 1/1
    15 | D:1      | Gained mutation: You have sharp fingernails. [demonic ancestry]
    15 | D:1      | Reached XP level 2. HP: 17/24 MP: 2/2
   180 | D:1      | Reached skill level 3 in Polearms
   861 | D:1      | Reached XP level 3. HP: 27/29 MP: 3/3
  1391 | D:1      | Reached ** piety under Trog
  1867 | D:2      | Reached XP level 4. HP: 15/36 MP: 4/4
  2556 | D:3      | Reached skill level 4 in Polearms
  2593 | D:3      | Noticed ohados's ghost (amateur OpTm)
  2608 | D:3      | Killed ohados's ghost
  2608 | D:3      | Reached *** piety under Trog
  2608 | D:3      | Gained mutation: Your flesh is heat resistant. (rF+) [demonic ancestry]
  2608 | D:3      | Reached XP level 5. HP: 42/42 MP: 5/5
  2858 | D:3      | Noticed Terence
  2865 | D:3      | Killed Terence
  2865 | D:3      | Reached XP level 6. HP: 48/48 MP: 6/6
  3367 | D:4      | Reached skill level 5 in Polearms
  4148 | D:5      | Entered Level 5 of the Dungeon
  4211 | D:5      | Noticed a water moccasin
  4234 | D:5      | Slain by a water moccasin

Skill      XL: |  1  2  3  4  5  6 |
---------------+-------------------+-----
Polearms       | 3 4 5 |  5.5
Dodging        | 2 |  2.5
Armour         | 2 |  2.9
Fighting       | 4 |  4.2
Stealth        | |  0.8

Action                   |  1- 3 |  4- 6 || total
-------------------------+-------+-------++-------
Melee: Spear             |   180 |   313 ||   493
Invok: Berserk           |     2 |     2 ||     4
       Trog's Hand       |       |     1 ||     1
  Use: Scroll            |     3 |     5 ||     8
       Potion            |       |     6 ||     6
  Eat: Chunk             |     4 |    10 ||    14
       Fruit             |       |     1 ||     1
Armor: Animal skin       |     8 |       ||     8
       Chain mail        |    54 |   110 ||   164
Dodge: Dodged            |    84 |    90 ||   174
